 Dungeon Crawl Stone Soup version 0.25.1-2-g60ff931df9 (webtiles) character file.

Game seed: 529002893786639815

47 Mitsuki the Skirmisher (level 3, -2/33 HPs)
             Began as a Minotaur Abyssal Knight on Aug 4, 2020.
             Was a Follower of Lugonu.
             Slain by a gnoll
             ... wielding a +0 spear
              (3 damage)
             ... on level 2 of the Dungeon.
             The game lasted 00:05:26 (1153 turns).

Mitsuki the Skirmisher (Minotaur Abyssal Knight)    Turns: 1153, Time: 00:05:27

Health: -2/33      AC: 11    Str: 16    XL:     3   Next: 48%
Magic:  3/3        EV:  5    Int:  9    God:    Lugonu [*.....]
Gold:   22         SH:  0    Dex: 10    Spells: 2/2 levels left

rFire    . . .     SeeInvis .   a - +1 hand axe
rCold    . . .     Gourm    .   (no shield)
rNeg     . . .     Faith    .   h - +0 plate armour
rPois    .         Spirit   .   (helmet restricted)
rElec    .         Reflect  .   (no cloak)
rCorr    .         Harm     .   (no gloves)
MR       .....                  (no boots)
Stlth    ..........             (no amulet)
HPRegen  0.11/turn              (no ring)
MPRegen  0.08/turn              (no ring)

@: no status effects
A: retaliatory headbutt, horns 2
a: Depart the Abyss, Renounce Religion


You were on level 2 of the Dungeon.
You worshipped Lugonu.
Lugonu was aware of your devotion.
You were not hungry.

You visited 1 branch of the dungeon, and saw 2 of its levels.
You visited the Abyss 1 time.

You collected 22 gold pieces.

Inventory:

Hand Weapons
 a - a +1 hand axe (weapon)
Armour
 h - a +0 plate armour (worn)
Scrolls
 d - a scroll of enchant armour {unknown}
 i - a scroll of blinking {unknown}
 k - a scroll of identify {unknown}
 l - a scroll of remove curse
Potions
 b - 2 potions of haste {unknown}
 e - a potion of curing {unknown}
 g - a potion of flight {unknown}
 j - a potion of resistance {unknown}
Comestibles
 c - 3 rations
 f - 6 chunks of flesh


   Skills:
 + Level 4.2 Fighting
 + Level 3.2 Axes
 + Level 3.3 Armour
 - Level 1.1 Dodging
 - Level 2.1 Invocations


You had 2 spell levels left.
You didn't know any spells.
Your spell library was empty.

Dungeon Overview and Level Annotations

Branches:
Dungeon (2/15)

Altars:
Qazlal


Innate Abilities, Weirdness & Mutations

You reflexively headbutt those who attack you in melee.
You have a pair of horns on your head.


Message History

* * * LOW HITPOINT WARNING * * *
The gnoll hits you but does no damage. The gnoll barely misses you.
You take 1 damage, and have 9/33 hp.
You hit the gnoll.
You kill the gnoll!
Lugonu accepts your kill.
You hit the gnoll but do no damage. You hit the gnoll.
The gnoll hits you but does no damage. The gnoll hits you with a +0 flail!
* * * LOW HITPOINT WARNING * * *
You take 8 damage, and have 1/33 hp.
MASSIVE DAMAGE!!
The gnoll hits you but does no damage. The gnoll barely misses you.
Found a scroll of remove curse.
Things that are here:
a +0 halberd; a gnoll corpse Your plate armour prevents you from hitting the gnoll.
You headbutt the gnoll!
The gnoll is almost dead.
You hit the gnoll but do no damage. The gnoll hits you but does no damage.
The gnoll hits you with a +0 spear.
You die...

#......# #.####.#
######### #.# #.#
###......[# #.# #.#
#......# #.#
#.####.#.##.## ######.#
#......#.....# #....#.#
#########..#..# #.##.#.#
.......g†..# ....
#.##.#.# #####.@g### #.#
.....#.# ...............
.
#.####.##..(....≈....?..
#......##.......≈≈≈.....
#########..#....≈≈≈#.+#§
......# .......≈#§§≈≈≈
#####.# ##.......≈§§>≈≈≈
.....÷###.....§..# ⌠.≈#≈
...............≈.#§§§


You could see 2 gnolls.

Vanquished Creatures
  An adder (D:2)
  A gnoll (D:2)
  An ufetubus (Abyss:1)
  A leopard gecko (D:1)
  3 giant cockroaches
  A goblin (D:1)
  5 hobgoblins
  2 jackals (D:1)
  A kobold (D:1)
  4 bats
  2 rats (D:1)
22 creatures vanquished.

Vanquished Creatures (others)
  4 toadstools (D:1)
4 creatures vanquished.

Grand Total: 26 creatures vanquished

Notes
Turn   | Place    | Note
-------+----------+-------------------------------------------
     0 | Abyss:1  | Mitsuki the Minotaur Abyssal Knight began the quest for the
                  | Orb.
     0 | Abyss:1  | Reached XP level 1. HP: 19/19 MP: 1/1
   132 | Abyss:1  | Noticed a tentacled starspawn
   133 | D:1      | Escaped the Abyss
   247 | D:1      | Reached XP level 2. HP: 15/27 MP: 2/2
   695 | D:1      | Reached * piety under Lugonu
   701 | D:1      | Reached skill level 4 in Fighting
  1037 | D:2      | Reached XP level 3. HP: 31/33 MP: 3/3
  1145 | D:2      | Found a stormy altar of Qazlal.
  1151 | D:2      | HP: 1/33 [gnoll/+0 flail (8)]
  1153 | D:2      | Slain by a gnoll

Illustrated notes

Levels and vault maps discovered:
D:1:      ldierk_walled_garden_2, layout_basic, chequers_jeans
D:2:      layout_basic, nicolae_qazlal_general_emergency

Skill      XL: |  1  2 |
---------------+-------+-----
Invocations    | 2 |  2.1
Fighting       | 4 |  4.2
Axes           | 3 |  3.2
Armour         | 3 |  3.3
Dodging        | |  1.1

Action                   || total
-------------------------++-------
Melee: Hand axe          ||    60
       Headbutt          ||     5
Invok: Depart the Abyss  ||     1
  Use: Scroll            ||     1
  Eat: Chunk             ||     1
Armor: Leather armour    ||     9
       Plate armour      ||    41
Dodge: Dodged            ||    39
